 Dungeon Crawl Stone Soup version 0.23.1 (webtiles) character file.

Game seed: 1738658336218453907

273 Borgoz the Skirmisher (level 6, 0/52 HPs)
             Began as a Ghoul Monk on Mar 17, 2019.
             Killed by divine providence
             ... invoked by an orc priest
              (16 damage)
             ... on level 4 of the Dungeon.
             The game lasted 00:05:18 (3141 turns).

Borgoz the Skirmisher (Ghoul Monk)                  Turns: 3141, Time: 00:05:19

Health: 0/52       AC:  6    Str: 15    XL:     6   Next: 24%
Magic:  5/5        EV: 10    Int:  7    God:
Gold:   227        SH:  0    Dex: 11    Spells: 5/5 levels left

rFire    . . .     SeeInvis .   a - +0 short sword
rCold    + . .     Gourm    .   (no shield)
rNeg     + + +     Faith    .   s - +0 scale mail
rPois    ∞         Spirit   .   (no helmet)
rElec    .         Reflect  .   (no cloak)
rCorr    .         Harm     .   (no gloves)
MR       .....                  (no boots)
Stlth    +.........             (no amulet)
HPRegen  0.00/turn              (no ring)
MPRegen  0.09/turn              (no ring)

@: rotting
A: rotting body, claws 1, carnivore, cold resistance 1, negative energy
resistance 3, inhibited regeneration, torment resistance, unbreathing
a: no special abilities


You were on level 4 of the Dungeon.
You were not hungry.

You visited 1 branch of the dungeon, and saw 4 of its levels.

You collected 227 gold pieces.

Inventory:

Hand Weapons
 a - a +0 short sword (weapon)
Armour
 s - a +0 scale mail (worn)
Jewellery
 b - an uncursed ring of wizardry {unknown}
 n - an uncursed amulet of rage {unknown}
Wands
 f - a wand of flame (10)
Scrolls
 d - 2 scrolls of enchant weapon {unknown}
 e - 2 scrolls of enchant armour {unknown}
 g - 2 scrolls of blinking {unknown}
 h - a scroll of random uselessness {unknown}
 j - 3 scrolls of remove curse
 k - 4 scrolls of identify {unknown}
 m - 2 scrolls of teleportation {unknown}
 o - a scroll of immolation {unknown}
 q - a scroll of fear {unknown}
Potions
 l - 2 potions of degeneration {unknown}
 p - a potion of flight {unknown}
Comestibles
 c - 7 rations


   Skills:
 + Level 4.0 Fighting
 * Level 3.9 Short Blades
 * Level 2.4 Armour
 * Level 3.8 Dodging
 + Level 3.2 Stealth


You had 5 spell levels left.
You didn't know any spells.
Your spell library contained the following spells:

 Spells                   Type           Power        Failure   Level  Hunger
 Magic Dart               Conj           #...         87%         1    ##.....
 Blink                    Tloc           N/A          95%         2    ###....
 Call Imp                 Summ           #.......     95%         2    ###....
 Slow                     Hex            #.......     95%         2    ###....
 Conjure Flame            Conj/Fire      #.......     99%         3    ####...
 Mephitic Cloud           Conj/Pois/Air  #.......     99%         3    ####...


Dungeon Overview and Level Annotations

Branches:
Dungeon (4/15)
 Temple: D:4-7

Altars:
Nemelex Xobeh
Okawaru
Sif Muna


Innate Abilities, Weirdness & Mutations

Your body is rotting away.
You thrive on raw meat.
You are immune to poison.
You have sharp fingernails.
You are carnivorous and can eat meat at any time.
Your flesh is cold resistant. (rC+)
You are immune to negative energy. (rN+++)
You do not regenerate when monsters are visible.
You are immune to unholy pain and torment.
You can survive without breathing.


Message History

The orc priest is almost dead.
You closely miss the orc priest.
The orc priest is almost dead.
The orc priest hits you with a +0 hand axe!
You closely miss the orc priest.
The orc priest is almost dead.
The orc priest closely misses you.
You hit the orc priest.
The orc priest is almost dead.
The orc priest hits you with a +0 hand axe.
You closely miss the orc priest.
The orc priest is almost dead.
The orc priest hits you with a +0 hand axe.
You closely miss the orc priest.
The orc priest is almost dead.
You barely miss the orc priest.
The orc priest is almost dead.
The orc priest calls down the wrath of Beogh upon you.
Beogh smites you!
You die...

### ##..##.. .....+..
.......###########
#.....#.........##
#.....#.###......#
......#.#........#
.########.###'####....
.....oo@..##..########
....#######........# .
#........# ##.......#
#....##.###
...##....###..# #
..........#...##.
.................
.#.##......#.#...


You could see an orc priest and an orc.

Vanquished Creatures
  Sigmund (D:2)
  An adder (D:3)
  An ooze (D:1)
  5 worms (D:2)
  A dart slug (D:3)
  4 leopard geckos
  An orc (D:4)
  A ball python (D:3)
  6 giant cockroaches
  7 goblins
  8 hobgoblins
  5 jackals (D:1)
  5 kobolds
  4 quokkas
  11 bats
  2 frilled lizards
  A jackal skeleton (D:4)
  A leopard gecko skeleton (D:4)
  5 rats
70 creatures vanquished.

Notes
Turn   | Place    | Note
-------+----------+-------------------------------------------
     0 | D:1      | Borgoz the Ghoul Monk began the quest for the Orb.
     0 | D:1      | Reached XP level 1. HP: 19/19 MP: 0/0
   280 | D:1      | Reached XP level 2. HP: 6/26 MP: 1/1
  1008 | D:1      | Reached skill level 1 in Armour
  1008 | D:1      | Reached XP level 3. HP: 11/31 MP: 2/2
  1407 | D:2      | Noticed Sigmund
  1417 | D:2      | Killed Sigmund
  1417 | D:2      | Reached XP level 4. HP: 37/39 MP: 3/3
  1417 | D:2      | Reached XP level 5. HP: 43/45 MP: 4/4
  1630 | D:2      | Found a sparkling altar of Nemelex Xobeh.
  1695 | D:2      | Found a deep blue altar of Sif Muna.
  1860 | D:2      | Reached XP level 6. HP: 50/52 MP: 5/5
  2149 | D:2      | Reached skill level 4 in Fighting
  3048 | D:4      | Found an iron altar of Okawaru.
  3141 | D:4      | Killed from afar by an orc priest

Skill      XL: |  1  2  3  4  5  6 |
---------------+-------------------+-----
Dodging        | 3 |  3.8
Short Blades   | 3 |  3.9
Armour         | 1 2 |  2.4
Stealth        | 3 |  3.2
Fighting       | 4 |  4.0

Action                   |  1- 3 |  4- 6 || total
-------------------------+-------+-------++-------
Melee: Short sword       |   142 |   207 ||   349
  Use: Potion            |     2 |     1 ||     3
       Scroll            |       |     1 ||     1
 Stab: Sleeping          |     3 |     6 ||     9
       Invisible         |     1 |       ||     1
       Distracted        |       |     1 ||     1
  Eat: Chunk             |     8 |     7 ||    15
Armor: Robe              |    18 |    21 ||    39
       Scale mail        |       |    23 ||    23
Dodge: Dodged            |    99 |    93 ||   192
